 Dungeon Crawl Stone Soup version 0.32-a0-141-g04fe697 (webtiles) character file.

Game seed: 18072400871024675895

964 skewfiend the Summoner (level 7, 0/41 HPs)
             Began as a Deep Elf Summoner on Feb 11, 2024.
             Engulfed by a cloud of flame (11 damage)
             ... in an ossuary.
             The game lasted 00:27:15 (5118 turns).

skewfiend the Summoner (Deep Elf Summoner)          Turns: 5118, Time: 00:27:16

Health: 0/41       AC:  9    Str:  5    XL:     7   Next: 93%
Magic:  15/18      EV: 11    Int: 22    God:
Gold:   379        SH:  5    Dex: 15    Spells: 4/18 levels left

rFire   . . .        B - +2 halberd (vamp)
rCold   . . .        (shield currently unavailable)
rNeg    + . .        j - +1 leather armour {rN+}
rPois   .            D - +2 helmet
rElec   .            (no cloak)
rCorr   .            q - +0 pair of gloves
SInv    .            F - +0 pair of boots
Will    .....        f - amulet of reflection
Stlth   ++           (no ring)
HPRegen 0.26/turn    (no ring)
MPRegen 0.16/turn

%: reflection
@: unable to call your familiar
A: no striking features
a: no special abilities


You were in an ossuary.
You visited 1 branch of the dungeon, and saw 6 of its levels.
You also visited: Ossuary.

You collected 379 gold pieces.

Inventory:

Hand Weapons
 s - a +0 short sword of speed
 A - a +2 short sword of venom
 B - a +2 vampiric halberd (weapon)
 C - a +2 whip of venom
 K - the +1 sling "Ofras" {freeze, Str+5 Int-4}
   (You found it on level 5 of the Dungeon)

   Str+5:     It affects your strength (+5).
   Int-4:     It affects your intelligence (-4).
Missiles
 g - 21 stones (quivered)
 x - a throwing net
Armour
 j - a +1 leather armour of positive energy (worn)
 k - a +2 scale mail of cold resistance
 n - a +2 robe of positive energy
 q - a +0 pair of gloves (worn)
 z - +0 ice dragon scales
 D - a +2 helmet (worn)
 F - a +0 pair of boots (worn)
 G - a +4 ring mail
 I - the scarf "Hocviogg" {harm, Rampage rC- Will++}
   (You found it on level 5 of the Dungeon)

   rC-:       It makes you vulnerable to cold.
   Will++:    It greatly increases your willpower.
   Rampage:   It bestows one free step when moving towards enemies.
Magical Staves
 a - a staff of fire
 M - a staff of alchemy
Jewellery
 c - an amulet of faith
 d - an amulet of the acrobat
 f - an amulet of reflection (around neck)
Wands
 r - a wand of iceblast (13)
 u - a wand of paralysis (15)
 v - a wand of flame (18)
Scrolls
 h - a scroll of revelation {unknown}
 i - 3 scrolls of poison {unknown}
 l - a scroll of enchant weapon {unknown}
 o - a scroll of noise {unknown}
 p - 2 scrolls of fog {unknown}
 t - 2 scrolls of blinking {unknown}
 w - 4 scrolls of identify {unknown}
 y - 2 scrolls of teleportation {unknown}
 E - a scroll of torment {unknown}
 J - a scroll of enchant armour {unknown}
 N - a scroll of butterflies {unknown}
Potions
 b - 2 potions of magic
 e - a potion of brilliance {unknown}
 m - a potion of haste {unknown}
 H - a potion of ambrosia {unknown}
 L - a potion of enlightenment {unknown}


   Skills:
 + Level 3.2 Fighting
 - Level 2.4 Dodging
 - Level 2.4 Stealth
 + Level 6.2 Spellcasting
 * Level 8.1 Summonings
 - Level 3.0 Fire Magic


You had 4 spell levels left.
You knew the following spells:

 Your Spells              Type           Power      Damage    Failure   Level
a - Summon Small Mammal   Summ           100%       N/A       1%          1
b - Call Imp              Summ           84%        N/A       1%          2
c - Call Canine Familiar  Summ           42%        N/A       1%          3
d - Summon Blazeheart Go  Fire/Summ      31%        N/A       16%         4
e - Summon Lightning Spi  Summ/Air       24%        N/A       28%         4

Your spell library contained the following spells:

 Spells                   Type           Power      Damage    Failure   Level
 Apportation              Tloc           12%        N/A       16%         1
 Necrotise                Necr           24%        1d5       16%         1
 Sting                    Conj/Alch      24%        1d4       16%         1
 Lesser Beckoning         Tloc           12%        N/A       22%         2
 Volatile Blastmotes      Fire/Tloc      26%        2d12      24%         3
 Gell's Gravitas          Tloc           6%         N/A       41%         3
 Teleport Other           Tloc           6%         N/A       41%         3
 Fulminant Prism          Conj/Alch      3%         3d5       83%         4
 Iskenderun's Mystic Bla  Conj/Tloc      6%         2d4       83%         4


Dungeon Overview and Level Annotations

Branches:
Dungeon (6/15)            Ossuary (1/1)
 Temple: D:4-7

Altars:
Dithmenos
Elyvilon
Qazlal
Trog
Uskayaw

Shops:
D:2 (


Message History

The gnoll zombie hits your inugami but does no damage.
Your inugami barely misses the gnoll zombie.
Your cerulean imp hits the gnoll zombie with a +0 spear.
Your inugami barely misses the gnoll zombie.
Your blazeheart golem punches the gnoll zombie!
The gnoll zombie is destroyed!
Your blazeheart golem's core grows cold and it stops moving.
Your blazeheart golem's core flares to life once more.
You swap places.
You swap places.
An adder zombie and a jackal zombie come into view.
A jackal zombie and an adder zombie come into view.
You swap places.
The adder zombie bites your inugami but does no damage.
Your inugami barely misses the adder zombie.
Your cerulean imp completely misses the jackal zombie.
Your inugami hits the adder zombie. You hit the adder zombie.
The adder zombie is moderately damaged.
Your cerulean imp hits the jackal zombie with a +0 spear.
The adder zombie closely misses you.
Your inugami completely misses the adder zombie.
Your blazeheart golem punches the adder zombie.
Your blazeheart golem falls apart, revealing its core!
Your cerulean imp barely misses the jackal zombie.
The adder zombie closely misses you.
You closely miss the adder zombie.
The adder zombie is heavily damaged.
Your cerulean imp disappears in a puff of smoke!
Your blazeheart core explodes!
The fiery explosion engulfs you!!
Ouch! That really hurt!
* * * LOW HITPOINT WARNING * * *
The fiery explosion engulfs your inugami!!!
You kill your inugami!
Your inugami disappears in a puff of smoke!
The fiery explosion engulfs the adder zombie!!
You destroy the adder zombie!
You are engulfed in blazing flames.
You die...

.......# ......#
.....# ....# #...#
#.Z.# #°ZZ# #○○°#
#○○@# #...# #...#
#...# #...# #...#
#...# #...#
##############...#


You could see an adder zombie and 2 jackal zombies.

Vanquished Creatures
  A steam dragon (D:6)
  Jessica (D:2)
  3 adders
  An adder zombie (Ossuary)
  2 dart slugs
  An orc (D:5)
  2 bats
  An endoplasm (D:4)
  A hobgoblin (D:3)
  3 jackals
  A ball python (D:4)
  A goblin (D:3)
  3 kobolds
21 creatures vanquished.

Vanquished Creatures (collateral kills)
  The ghost of ironshield the Digger, a novice KoEE (D:5)
  Blork the orc (D:5)
  A scorpion (D:6)
  A bombardier beetle (D:5)
  A gnoll bouda (D:3)
  An orc priest (D:5)
  2 iguanas
  3 orc wizards
  A hound zombie (Ossuary)
  5 gnolls (D:4)
  4 adders
  3 ribbon worms
  A dart slug (D:3)
  6 orcs
  3 endoplasms
  A giant cockroach (D:1)
  2 gnoll zombies (Ossuary)
  7 goblins
  5 hobgoblins
  4 jackals
  7 kobolds
  A ball python (D:4)
  3 bats
  2 frilled lizards
  2 orc zombies (Ossuary)
  A rat (D:2)
69 creatures vanquished.

Vanquished Creatures (others)
  An orc wizard (D:5)
  A blazeheart core (Ossuary)
2 creatures vanquished.

Grand Total: 92 creatures vanquished

Notes
Turn   | Place    | Note
-------+----------+-------------------------------------------
     0 | D:1      | skewfiend the Deep Elf Summoner began the quest for the
                  | Orb.
     0 | D:1      | Reached XP level 1. HP: 10/10 MP: 6/6
   457 | D:1      | Reached XP level 2. HP: 14/16 MP: 4/8
   647 | D:1      | Found a faded altar of an unknown god.
  1020 | D:2      | Found Kevudd's Antique Weapon Emporium.
  1040 | D:2      | Learned a level 2 spell: Call Imp
  1353 | D:2      | Noticed Jessica
  1367 | D:2      | Killed Jessica
  1368 | D:2      | Reached skill level 1 in Fighting
  1368 | D:2      | Reached skill level 5 in Summonings
  1368 | D:2      | Reached XP level 3. HP: 16/20 MP: 6/10
  1668 | D:2      | Found a stormy altar of Qazlal.
  1767 | D:2      | Reached XP level 4. HP: 25/25 MP: 8/12
  1771 | D:2      | Learned a level 3 spell: Call Canine Familiar
  2498 | D:3      | Paralysed by a kobold for 3 turns
  2624 | D:3      | Found a bloodstained altar of Trog.
  2824 | D:3      | Reached XP level 5. HP: 30/30 MP: 7/13
  3110 | D:4      | Reached skill level 6 in Summonings
  3283 | D:3      | Learned a level 4 spell: Summon Blazeheart Golem
  3408 | D:4      | Reached skill level 1 in Fire Magic
  3408 | D:4      | Reached XP level 6. HP: 29/35 MP: 7/15
  3860 | D:4      | Found a shadowy altar of Dithmenos.
  3923 | D:4      | Reached skill level 5 in Spellcasting
  4009 | D:5      | Entered Level 5 of the Dungeon
  4009 | D:5      | Found a hide-covered altar of Uskayaw.
  4009 | D:5      | Found a white marble altar of Elyvilon.
  4019 | D:5      | Noticed Blork the orc
  4030 | D:5      | Killed Blork the orc
  4283 | D:5      | Found a runed translucent door.
  4283 | D:5      | Noticed ironshield's ghost (novice KoEE)
  4307 | D:5      | Killed ironshield's ghost
  4308 | D:5      | Reached skill level 7 in Summonings
  4308 | D:5      | Reached XP level 7. HP: 40/40 MP: 9/17
  4373 | D:5      | Identified the scarf "Hocviogg" {harm, Rampage rC- Will++}
  4759 | D:5      | Identified the +1 sling "Ofras" {freeze, Str+5 Int-4}
  4965 | D:6      | Found a sand-covered staircase.
  4981 | D:6      | Noticed a steam dragon
  4997 | D:6      | Killed a steam dragon
  4998 | D:6      | Reached skill level 8 in Summonings
  5039 | D:6      | Learned a level 4 spell: Summon Lightning Spire
  5072 | Ossuary  | Entered an ossuary
  5118 | Ossuary  | Engulfed by a cloud of flame

Illustrated notes

Levels and vault maps discovered:
D:1:      co_arrival_random_square_maze, layout_loops_corners,
          basic_ecumenical_altar, chequers_serial_rivers_micro_c
D:2:      layout_loops_corners, basic_altar, serial_shops, shop,
          skrybe_limestone_x, uniq_jessica
D:3:      layout_basic, trog_hazing_becter, chequers_serial_rivers_room_a
D:4:      layout_rooms, mainiacjoe_overflow_chevrons
D:5:      layout_loops_ring, chequers_temple_overflow_statue_of_worship,
          hellmonk_ghost_happy_afterlife, uniq_blork_the_orc
D:6:      layout_rooms, serial_undead, serial_undead_e, serial_undead_f,
          serial_undead_d, serial_undead_d, serial_undead_d, serial_undead_b,
          serial_undead_a, lightli_ossuary_entry_decrepit_ruins,
          minmay_microvault
Ossuary:  ossuary_tomb_1

Skill      XL: |  1  2  3  4  5  6  7 |
---------------+----------------------+-----
Fighting       | 1 2 3 |  3.2
Summonings     | 5 6 7 8 |  8.1
Spellcasting   | 4 5 6 |  6.2
Fire Magic     | 1 3 |  3.0
Dodging        | |  2.4
Stealth        | |  2.4

Action                     |  1- 3 |  4- 6 |  7- 9 || total
---------------------------+-------+-------+-------++-------
  Melee: Hand axe          |    42 |     7 |       ||    49
         Short sword       |       |    49 |       ||    49
         Halberd           |       |     8 |    13 ||    21
  Throw: Stone             |     8 |     3 |     1 ||    12
   Cast: Summon Small Mamm |    36 |    39 |     3 ||    78
         Call Imp          |     8 |    23 |     6 ||    37
         Call Canine Famil |       |    15 |     5 ||    20
         Summon Blazeheart |       |     1 |     3 ||     4
   Stab: Distracted        |     1 |       |       ||     1
         Sleeping          |     1 |     2 |       ||     3
 Armour: Robe              |    19 |       |       ||    19
         Leather armour    |    13 |    27 |    10 ||    50
  Dodge: Dodged            |    40 |    40 |     8 ||    88
  Block: Other             |    13 |    14 |     3 ||    30
         Reflection        |     2 |     2 |       ||     4

Table legend: (Time is in decaauts)
 A = Elapsed time spent in this place.
 B = Non-inter-level travel time spent in this place.
 C = Inter-level travel time spent in this place.
 D = Time resting spent in this place.
 E = Time spent auto-exploring this place.
 F = Levels seen in this place.
 G = Mean time per level.
                   A        B        C        D        E       F      G
               +--------+--------+--------+--------+--------+-----+--------+
         Total |   5135 |   4711 |    424 |     36 |   3457 |   7 |  733.6 |
       Dungeon |   5087 |   4663 |    424 |     36 |   3453 |   6 |  847.8 |
       Ossuary |     47 |     47 |      0 |      0 |      4 |   1 |   47.0 |
               +--------+--------+--------+--------+--------+-----+--------+

Top non-repeatable levels by time:
     D:2: 1234 daAuts
     D:3: 1048 daAuts
     D:1: 1025 daAuts
     D:5: 937 daAuts
     D:4: 703 daAuts
     D:6: 138 daAuts
 Ossuary: 47 daAuts
